 Dungeon Crawl Stone Soup version 0.28-a0-1382-g92835e5c71 (webtiles) character file.

Game seed: 18126902480525281423

31 Deminshera the Sneak (level 3, 0/22 HPs)
             Began as a Kobold Brigand on Jan 1, 2022.
             Slain by an adder (3 damage)
             ... on level 2 of the Dungeon.
             The game lasted 00:00:54 (1184 turns).

Deminshera the Sneak (Kobold Brigand)               Turns: 1184, Time: 00:00:54

Health: 0/22       AC:  3    Str: 10    XL:     3   Next: 40%
Magic:  3/3        EV: 14    Int: 12    God:
Gold:   52         SH:  0    Dex: 16    Spells: 2/2 levels left

rFire   . . .      SeeInvis .   a - +2 dagger
rCold   . . .      Faith    .   (no shield)
rNeg    . . .      Spirit   .   b - +0 robe
rPois   .          Reflect  .   (no helmet)
rElec   .          Harm     .   c - +0 cloak
rCorr   .          Rampage  .   (no gloves)
Will    .....                   (no boots)
Stlth   ++++......              (no amulet)
HPRegen 0.07/turn               (no ring)
MPRegen 0.08/turn               (no ring)

@: lethally poisoned (0 -> -3)
A: small, no large weapons, nightstalker 3
a: no special abilities


You were on level 2 of the Dungeon.
You visited 1 branch of the dungeon, and saw 2 of its levels.

You collected 52 gold pieces.

Inventory:

Hand Weapons
 a - a +2 dagger (weapon)
Missiles
 d - 8 poisoned darts (quivered)
 e - 2 curare-tipped darts
Armour
 b - a +0 robe (worn)
 c - a +0 cloak (worn)
Scrolls
 f - a scroll of identify {unknown}
 g - a scroll of amnesia {unknown}
 i - a scroll of vulnerability {unknown}
Potions
 h - a potion of haste {unknown}
 j - a potion of curing {unknown}


   Skills:
 + Level 2.5 Fighting
 * Level 3.5 Short Blades
 + Level 2.5 Throwing
 + Level 1.8 Dodging
 + Level 5.6 Stealth


You had 2 spell levels left.
You didn't know any spells.
Your spell library contained the following spells:

 Spells                   Type           Power      Damage    Failure   Level
 Corpse Rot               Necr/Air       0%         N/A       45%         2
 Poisonous Vapours        Pois/Air       0%         N/A       45%         2


Dungeon Overview and Level Annotations

Branches:
Dungeon (2/15)

Altars:
The Shining One


Innate Abilities, Weirdness & Mutations

You are small and have problems with some larger weapons.
You are completely attuned to the shadows.


Message History

The hobgoblin hits you. The ball python zombie bites you.
The ball python zombie constricts you.
You hit the ball python zombie.
You destroy the ball python zombie!
The rat twitches its whiskers.
The rat bites you. The hobgoblin barely misses you.
You hit the rat.
You kill the rat!
You hit the hobgoblin but do no damage.
The hobgoblin is severely wounded.
The hobgoblin hits you.
You completely miss the hobgoblin.
The hobgoblin is severely wounded.
You hit the hobgoblin.
The hobgoblin is almost dead.
The hobgoblin hits you.
You hit the hobgoblin.
You kill the hobgoblin!
The adder bites you.
You miss the adder. The adder barely misses you.
You miss the adder. The adder misses you.
You closely miss the adder. The adder barely misses you.
You hit the adder but do no damage. The adder bites you.
You miss the adder. The adder closely misses you.
You barely miss the adder. The adder barely misses you.
You hit the adder.
The adder is moderately wounded.
The adder misses you.
You miss the adder.
The adder is moderately wounded.
The adder bites you.
* * * LOW HITPOINT WARNING * * *
You are lethally poisoned!
The adder poisons you!
You hit the adder but do no damage.
The adder is moderately wounded.
* * * LOW HITPOINT WARNING * * *
You feel sick. The adder bites you.
You die...

#..PPP... #.(.)....
#..P..... ###........
........... ##.......#
#...##### #(#..#####
...##.S@..## #..#. #.##
#####..## ..#... #.
##..# ###..... .#####
##.#####...#># .....##
#...(..†....##
......########...##....
###......# ##..####...
#.####.###...####..#
#.####.............#


You could see an adder.

Vanquished Creatures
  An adder (D:2)
  An adder zombie (D:2)
  A worm (D:2)
  A goblin (D:1)
  3 hobgoblins
  A quokka (D:1)
  A ball python (D:1)
  A ball python skeleton (D:2)
  A ball python zombie (D:2)
  A bat (D:1)
  2 frilled lizards (D:1)
  2 kobolds (D:1)
  3 rats
19 creatures vanquished.

Vanquished Creatures (others)
  A withered plant (D:2)
1 creature vanquished.

Grand Total: 20 creatures vanquished

Notes
Turn   | Place    | Note
-------+----------+-------------------------------------------
     0 | D:1      | Deminshera the Kobold Brigand began the quest for the Orb.
     0 | D:1      | Reached XP level 1. HP: 12/12 MP: 1/1
   317 | D:1      | Found a faded altar of an unknown god.
   547 | D:1      | Reached XP level 2. HP: 17/17 MP: 2/2
  1056 | D:2      | Found a glowing golden altar of the Shining One.
  1103 | D:2      | Reached XP level 3. HP: 22/22 MP: 3/3
  1184 | D:2      | Slain by an adder

Illustrated notes

Levels and vault maps discovered:
D:1:      nicolae_arrival_washed_ashore, layout_basic,
          ebering_ecumenical_altar_mist
D:2:      cheibrodos_helix_gallery, layout_rooms, serial_shops,
          nicolae_shop_crystal, basic_altar, serial_undead, serial_undead_c,
          serial_undead_e, serial_undead_f, serial_undead_d

Skill      XL: |  1 |
---------------+----+-----
Short Blades   | 3 |  3.5
Fighting       | |  2.5
Throwing       | |  2.5
Dodging        | |  1.8
Stealth        | |  5.6

Action                   || total
-------------------------++-------
Melee: Dagger            ||    53
 Stab: Sleeping          ||    10
Armor: Robe              ||     4
Dodge: Dodged            ||    30

Table legend: (Time is in decaauts)
 A = Elapsed time spent in this place.
 B = Non-inter-level travel time spent in this place.
 C = Inter-level travel time spent in this place.
 D = Time resting spent in this place.
 E = Time spent auto-exploring this place.
 F = Levels seen in this place.
 G = Mean time per level.
                   A        B        C        D        E       F      G
               +--------+--------+--------+--------+--------+-----+--------+
         Total |   1183 |   1117 |     66 |      0 |    983 |   2 |  591.5 |
       Dungeon |   1183 |   1117 |     66 |      0 |    983 |   2 |  591.5 |
               +--------+--------+--------+--------+--------+-----+--------+

Top non-repeatable levels by time:
     D:1: 1003 daAuts
     D:2: 180 daAuts
